 Dungeon Crawl Stone Soup version 0.31.0-11-ge490571c62 (webtiles) character file.

Game seed: 8416690137477836058

37 qw the Shooter (level 3, 0/20 HPs)
             Began as a Deep Elf Hunter on Feb 4, 2024.
             Slain by a goblin
             ... wielding a +0 club
             ... led by Robin
              (2 damage)
             ... on level 2 of the Dungeon.
             The game lasted 00:00:04 (955 turns).

qw the Shooter (Deep Elf Hunter)                     Turns: 955, Time: 00:00:04

Health: 0/20       AC:  5    Str: 10    XL:     3   Next: 23%
Magic:  5/5        EV: 11    Int: 13    God:
Gold:   26         SH:  0    Dex: 18    Spells: 2/2 levels left

rFire   . . .        a - +0 shortbow
rCold   . . .        (shield currently unavailable)
rNeg    . . .        h - +0 ring mail
rPois   .            (no helmet)
rElec   .            (no cloak)
rCorr   .            (no gloves)
SInv    .            (no boots)
Will    .....        (no amulet)
Stlth   +            (no ring)
HPRegen 0.23/turn    (no ring)
MPRegen 0.09/turn

%: no passive effects
@: lethally poisoned (0 -> -22)
A: no striking features
a: no special abilities


You were on level 2 of the Dungeon.
You visited 1 branch of the dungeon, and saw 2 of its levels.

You collected 46 gold pieces.
You spent 20 gold pieces at shops.


   Skills:
 - Level 1.5 Fighting
 + Level 6.8 Ranged Weapons
 - Level 2.4 Dodging
 - Level 1.2 Stealth


You had 2 spell levels left.
You didn't know any spells.
Your spell library was empty.

Inventory:

Hand Weapons
 a - a +0 shortbow (weapon)
Armour
 h - a +0 ring mail (worn)
Scrolls
 e - a scroll of teleportation
Potions
 k - a potion of enlightenment

Dungeon Overview and Level Annotations

Branches:
Dungeon (2/15)

Altars:

Shops:
D:1 ?

Annotations:
D:2 Robin


Message History

A goblin comes into view. It is wielding a +0 club.
You hear a shout!
You shoot an arrow. The goblin shouts!
The arrow hits the hobgoblin!
You kill the hobgoblin!
A goblin comes into view. It is wielding a +1 dagger of venom.
A goblin comes into view. It is wielding a +0 dagger.
A goblin comes into view. It is wielding a +0 club.
A kobold comes into view. It is wielding a +0 short sword.
You shoot an arrow. The arrow barely misses the goblin. x3
The goblin shouts!
You hear a shout!
A goblin comes into view. It is wielding a +0 club.
You shoot an arrow. The arrow hits the goblin.
You kill the goblin!
Robin throws the goblin at you!
You shoot an arrow. The arrow hits the goblin.
You kill the goblin!
The goblin closely misses you.
Robin flexes a bicep menacingly.
Robin throws the goblin at you! The goblin hits you but does no damage.
You are poisoned.
You shoot an arrow. The arrow hits the goblin.
You kill the goblin!
You feel very sick. The goblin hits you with a +0 club.
The goblin closely misses you. The goblin barely misses you.
You shoot an arrow. The arrow hits the goblin.
The goblin is heavily wounded.
You feel sick. The goblin hits you with a +0 club.
The goblin barely misses you.
A goblin comes into view. It is wielding a +0 club.
The goblin hits you but does no damage. x2
You are more poisoned.
Robin's bangles clink loudly.
The goblin hits you but does no damage.
The goblin hits you with a +1 dagger of venom.
You are more poisoned.
The goblin closely misses you. The goblin hits you with a +0 club.
You die... #.# #.# ..g... #<## .....# #..# .....# #..# .....# #..# ..%..## #..## Kg.....

#...# ######ggg....
#.#.# ####....@g.....)
#.#.####....###gg..####
#........#### #.####
#........# ..#
#............ .##
#.........###...
..%[..>...# ..
..........# #..
##...######


You could see Robin, 7 goblins and a kobold.

Vanquished Creatures
  2 dart slugs
  2 bats (D:1)
  An endoplasm (D:1)
  A giant cockroach (D:1)
  6 goblins
  A hobgoblin (D:2)
  4 jackals (D:1)
  4 kobolds (D:1)
  A quokka (D:1)
  3 ball pythons (D:1)
  3 rats (D:1)
28 creatures vanquished.

Notes
Turn   | Place    | Note
-------+----------+-------------------------------------------
     0 | D:1      | qw the Deep Elf Hunter began the quest for the Orb.
     0 | D:1      | Reached XP level 1. HP: 12/12 MP: 3/3
     0 | D:1      | 0 ||| qw: Version: 0.3-a-160-g6735b56
     0 | D:1      | 0 ||| qw: Game counter: 4911
     0 | D:1      | 0 ||| qw: Melee chars always use a shield: true
     0 | D:1      | 0 ||| qw: God list: Okawaru
     0 | D:1      | 0 ||| qw: Allow faded altars: false
     0 | D:1      | 0 ||| qw: Do Orc after clearing Dungeon:15 true
     0 | D:1      | 0 ||| qw: Do second Lair branch before Depths: true
     0 | D:1      | 0 ||| qw: Lair rune preference: random
     0 | D:1      | 0 ||| qw: Goals: Normal
     0 | D:1      | 0 ||| PLANNING D:1-11
    52 | D:1      | Reached skill level 6 in Ranged Weapons
    52 | D:1      | Reached XP level 2. HP: 9/16 MP: 4/4
   351 | D:1      | Found a faded altar of an unknown god.
   353 | D:1      | Noticed a great orb of eyes
   353 | D:1      | Noticed a glass eye
   355 | D:1      | Noticed a golden eye
   355 | D:1      | Noticed an eye of devastation
   639 | D:1      | Found Toax's Magic Scroll Boutique.
   649 | D:1      | Reached XP level 3. HP: 17/20 MP: 5/5
   670 | D:1      | 670 ||| BUYING scroll of identify (20 gold).
   670 | D:1      | Bought a scroll of identify for 20 gold pieces
   670 | D:1      | 670 ||| SHOPLISTING scroll of teleportation (30 gold, have
                  | 18).
   681 | D:1      | 681 ||| UPGRADING to +0 ring mail.
   691 | D:1      | 691 ||| DROPPING +0 leather armour.
   692 | D:1      | 692 ||| READING 3 scrolls of identify.
   692 | D:1      | 692 ||| IDENTIFYING metallic amethyst potion
   693 | D:1      | 693 ||| READING 2 scrolls of identify.
   693 | D:1      | 693 ||| IDENTIFYING scroll labelled YMUZUY MEUMNEYFA
   694 | D:1      | 694 ||| READING scroll of identify.
   694 | D:1      | 694 ||| IDENTIFYING scroll labelled ZILIUGH DEZUEQO
   695 | D:1      | 695 ||| READING scroll labelled SIATRU TANUWNOL.
   796 | D:1      | 796 ||| READING scroll labelled ZAJAIBL TUSTU.
   797 | D:1      | 797 ||| READING scroll labelled KOXTYF IKIT.
   798 | D:1      | 798 ||| DROPPING scroll of butterflies.
   799 | D:1      | 799 ||| DROPPING scroll of amnesia.
   801 | D:1      | 801 ||| Stepping ~*~*~tactically~*~*~ (cloud).
   803 | D:1      | HP: 5/20 [poisoned by you (poison gas)]
   807 | D:1      | HP: 2/20 [poisoned by you (poison gas)]
   948 | D:2      | Noticed Robin
   955 | D:2      | HP: 3/20 [goblin/+0 club[Robin] (5)]
   955 | D:2      | Slain by a goblin

Levels and vault maps discovered:
D:1:      erik_arrival_cave_to_civilisation [erik_arrival_cave_to_hall],
          layout_basic, hellmonk_ecumenical_altar_watching_god, serial_shops,
          nicolae_shop_waterfront
D:2:      layout_rooms, basic_altar, uniq_robin

Skill      XL: |  1 |
---------------+----+-----
Ranged Weapons | 6 |  6.8
Fighting       | |  1.5
Dodging        | |  2.4
Stealth        | |  1.2

Action                     || total
---------------------------++-------
   Fire: Shortbow          ||    70
    Use: Scroll            ||     6
 Armour: Leather armour    ||    18
         Ring mail         ||    11
  Dodge: Dodged            ||    28

Table legend:
 A = Non-vault XP
 B = Vault XP
 C = Vault XP percentage of total XP
 D = Non-vault monster count
 E = Vault monster count
 F = Vault count percentage of total count
                 A         B        C        D         E       F
            +---------+---------+-------+---------+---------+-------
      Total |      42 |      12 |  22.2 |      22 |       6 |  21.4
            +---------+---------+-------+---------+---------+-------
        D:1 |      38 |       4 |   9.5 |      21 |       2 |   8.7
        D:2 |       4 |       8 |  66.7 |       1 |       4 |  80.0
            +---------+---------+-------+---------+---------+-------
